 Dungeon Crawl Stone Soup version 0.28-a0-1087-gf3fc490d9d (webtiles) character file.

Game seed: 6712852390941490268

265 meatgazer the Distorting Demonspawn (level 5, -3/42 HPs)
             Began as a Demonspawn Abyssal Knight on Dec 10, 2021.
             Was a Believer of Lugonu.
             Succumbed to a scorpion's poison
             ... on level 4 of the Dungeon.
             The game lasted 00:05:56 (5205 turns).

meatgazer the Distorting Demonspawn (DsAK)          Turns: 5205, Time: 00:05:57

Health: -3/42      AC:  4    Str: 20    XL:     5   Next: 99%
Magic:  1/8        EV: 12    Int: 11    God:    Lugonu [**....]
Gold:   135        SH:  4    Dex: 20    Spells: 4/4 levels left

rFire   . . .      SeeInvis .   a - +1 falchion (freeze)
rCold   . . .      Faith    .   (no shield)
rNeg    . . .      Spirit   +   d - +1 robe of Past Mistakes {*Corrode Fly Str+5 Stlth+}
rPois   .          Reflect  .   i - +0 helmet
rElec   .          Harm     .   (no cloak)
rCorr   .          Rampage  .   (no gloves)
Will    .....                   (no boots)
Stlth   +++.......              f - amulet of guardian spirit
HPRegen 0.14/turn               b - +6 ring of dexterity
MPRegen 0.11/turn               (no ring)

@: lethally poisoned (-3 -> -26), flying
A: large bone plates 1, demonic magic 1
a: Renounce Religion, Depart the Abyss, Bend Space


You were on level 4 of the Dungeon.
You worshipped Lugonu.
Lugonu was pleased with you.
You visited 1 branch of the dungeon, and saw 4 of its levels.
You visited the Abyss 1 time.

You collected 135 gold pieces.

Inventory:

Hand Weapons
 a - a +1 falchion of freezing (weapon)
 e - a +2 hand axe of freezing
Armour
 d - the +1 robe of Past Mistakes (worn) {*Corrode Fly Str+5 Stlth+}
   (You found it on level 2 of the Abyss)

   Str:       It affects your strength (+5).
   Fly:       It grants you flight.
   *Corrode:  It may corrode you when you take damage.
   Stlth:     It makes you more stealthy.
 i - a +0 helmet (worn)
Magical Staves
 l - a staff of earth
Jewellery
 b - a +6 ring of dexterity (left hand)
 f - an amulet of guardian spirit (around neck)
Scrolls
 j - a scroll of blinking
 k - a scroll of immolation
 m - a scroll of summoning {unknown}
Potions
 c - a potion of haste
 g - a potion of resistance {unknown}
 h - a potion of brilliance {unknown}


   Skills:
 + Level 4.2 Fighting
 + Level 3.1 Long Blades
 - Level 2.3 Armour
 - Level 1.1 Dodging
 + Level 2.3 Stealth
 + Level 4.3 Invocations


You had 4 spell levels left.
You didn't know any spells.
Your spell library was empty.

Dungeon Overview and Level Annotations

Branches:
Dungeon (4/15)
 Temple: D:4-7

Altars:

Shops:
D:2 =


Innate Abilities, Weirdness & Mutations

You are partially covered in large bone plates. (SH +4)
Spells you cast may paralyse adjacent enemies.


Message History

The ogre closely misses you. You block the orc's attack.
You slash the ogre! You freeze the ogre.
The ogre is severely wounded.
You block the orc's attack. The ogre hits you with a +0 giant club!
You hit the ogre but do no damage.
The ogre is severely wounded.
The orc barely misses you. You block the ogre's attack.
You closely miss the orc. The orc hits you but does no damage.
You closely miss the orc. The orc hits you with a +0 hand axe.
You barely miss the orc. The orc barely misses you. The orc misses you.
You slash the orc! You freeze the orc.
You kill the orc!
Lugonu accepts your kill.
You barely miss the scorpion. The scorpion misses you.
The scorpion completely misses you.
You closely miss the scorpion. The scorpion barely misses you.
You completely miss the scorpion. The scorpion stings you.
As you read the scroll of teleportation, it crumbles to dust.
You feel strangely unstable. The scorpion stings you.
You are poisoned.
The scorpion poisons you! The scorpion closely misses you.
You closely miss the scorpion.
You feel very sick. The scorpion stings you.
You closely miss the scorpion.
You feel very sick. The scorpion stings you!
* * * LOW HITPOINT WARNING * * *
You are lethally poisoned!
The scorpion poisons you!
You hit the scorpion. You freeze the scorpion.
The scorpion is moderately wounded.
* * * LOW HITPOINT WARNING * * *
You feel very sick. The scorpion stings you.
* * * LOW HITPOINT WARNING * * *
You are more poisoned.
The scorpion poisons you! The scorpion barely misses you.
Your surroundings suddenly seem different.
You die...

###### ####.# #.........# #...
####### #....# #.........# #..#
......# #.#### #...).....# #...
.####.# #.# #####........## #.##
.####.# #.# #............# #.##
...##.# ##.###.###..#.....# #...
.#.##.###.^.....##..#.##..#######
.#.........##....#..#.##..#......
......###.###...@#........#.#####
####### #.##........#.......#
#.##.##..####.#####.#####
#.......................#
####.########..####(###.#
#.......# #..####.# #.# #.##.##.#
##.......###.# #.##.##.#
#.....##...... #.##.##.#
#.....######.#


There were no monsters in sight!

Vanquished Creatures
  A water moccasin zombie (D:3)
  2 orc wizards
  Robin (D:2)
  4 adders
  A shadow imp (Abyss:2)
  An ufetubus (D:4)
  8 orcs
  6 ball pythons
  6 bats
  3 endoplasms
  4 giant cockroaches
  14 goblins
  10 hobgoblins
  A jackal (D:4)
  11 kobolds
  4 quokkas
  3 frilled lizards
  7 rats
87 creatures vanquished.

Vanquished Creatures (others)
  5 starspawn tentacles (Abyss:2)
5 creatures vanquished.

Grand Total: 92 creatures vanquished

Notes
Turn   | Place    | Note
-------+----------+-------------------------------------------
     0 | Abyss:1  | meatgazer the Demonspawn Abyssal Knight began the quest for
                  | the Orb.
     0 | Abyss:1  | Reached XP level 1. HP: 18/18 MP: 2/2
    46 | Abyss:2  | Identified the +1 robe of Past Mistakes {*Corrode Fly Str+5
                  | Stlth+}
    84 | Abyss:2  | Reached skill level 1 in Dodging
    84 | Abyss:2  | Noticed a tentacled starspawn
   119 | D:1      | Escaped the Abyss
   228 | D:1      | Gained mutation: Spells you cast may paralyse adjacent
                  | enemies. [demonic ancestry]
   228 | D:1      | Reached XP level 2. HP: 18/24 MP: 4/4
   835 | D:1      | Reached * piety under Lugonu
  1078 | D:1      | Reached XP level 3. HP: 29/29 MP: 5/5
  1956 | D:2      | Found Imme's Jewellery Shoppe.
  2336 | D:2      | Reached skill level 1 in Stealth
  2571 | D:2      | Reached XP level 4. HP: 35/35 MP: 4/6
  2816 | D:2      | Noticed Robin
  3129 | D:2      | Killed Robin
  3577 | D:2      | Reached ** piety under Lugonu
  4128 | D:3      | Gained mutation: You are partially covered in large bone
                  | plates. (SH +4) [demonic ancestry]
  4128 | D:3      | Reached XP level 5. HP: 10/42 MP: 5/7
  5181 | D:4      | Noticed an ogre
  5204 | D:4      | HP: 2/42 [scorpion (4)]
  5205 | D:4      | Succumbed to a scorpion's poison

Illustrated notes

Levels and vault maps discovered:
D:1:      enne_arrival_octagon_isle, layout_basic
D:2:      layout_basic, serial_shops, shop, wad_floor_pattern_untrapped,
          uniq_robin
D:3:      layout_basic
D:4:      layout_loops_cross, minmay_diced_spiral

Skill      XL: |  1  2  3  4  5 |
---------------+----------------+-----
Dodging        | 1 |  1.1
Long Blades    | 2 3 |  3.1
Armour         | 2 |  2.3
Invocations    | 3 4 |  4.3
Stealth        | 1 2 |  2.3
Fighting       | 4 |  4.2

Action                   |  1- 3 |  4- 6 || total
-------------------------+-------+-------++-------
Melee: Falchion          |   111 |   146 ||   257
Invok: Depart the Abyss  |     1 |       ||     1
  Use: Scroll            |     7 |     4 ||    11
       Potion            |       |     1 ||     1
 Stab: Sleeping          |     9 |     5 ||    14
Armor: Leather armour    |     1 |       ||     1
       Robe              |    24 |    35 ||    59
Dodge: Dodged            |    79 |   124 ||   203
Block: Other             |       |    15 ||    15

Table legend: (Time is in decaauts)
 A = Elapsed time spent in this place.
 B = Non-inter-level travel time spent in this place.
 C = Inter-level travel time spent in this place.
 D = Time resting spent in this place.
 E = Time spent auto-exploring this place.
 F = Levels seen in this place.
 G = Mean time per level.
                   A        B        C        D        E       F      G
               +--------+--------+--------+--------+--------+-----+--------+
         Total |   5252 |   5167 |     85 |   2250 |   2156 |   6 |  875.3 |
       Dungeon |   5131 |   5046 |     85 |   2235 |   2107 |   4 | 1282.8 |
         Abyss |    120 |    120 |      0 |     15 |     49 |   2 |   60.0 |
               +--------+--------+--------+--------+--------+-----+--------+

Top non-repeatable levels by time:
     D:2: 1863 daAuts
     D:1: 1829 daAuts
     D:3: 1047 daAuts
     D:4: 391 daAuts
 Abyss:2: 103 daAuts
 Abyss:1: 17 daAuts
